 Dungeon Crawl Stone Soup version 0.31.0-12-g77e489cdc1 (webtiles) character file.

Game seed: 3312953877203208426

47 112233 the Changeling (level 3, -3/23 HPs)
             Began as an Octopode Shapeshifter on Feb 17, 2024.
             Was a Follower of Jiyva.
             Slain by a gnoll
             ... wielding a +0 halberd
              (14 damage)
             ... on level 2 of the Dungeon.
             The game lasted 00:00:43 (1069 turns).

112233 the Changeling (Octopode Shapeshifter)       Turns: 1069, Time: 00:00:44

Health: -3/23      AC:  1    Str: 13    XL:     3   Next: 70%
Magic:  3/3        EV: 13    Int: 12    God:    Jiyva [*.....]
Gold:   64         SH:  0    Dex: 13    Spells: 2/2 levels left

rFire   . .          .
                       - Unarmed
rCold   . . .        (no shield)
rNeg    . . .        (helmet currently unavailable)
rPois   .            e - amulet of the acrobat
rElec   .            (no ring)
rCorr   .            (no ring)
SInv    .            (no ring)
Will    .....        (no ring)
Stlth   ++           (no ring)
HPRegen 1.03/turn    (no ring)
MPRegen 0.48/turn    (no ring)
                     (no ring)

%: acrobat
@: beast-form
A: beast (slay +2), almost no armour, amphibious, 8 rings, camouflage 1,
gelatinous body 1, (nimble swimmer 1), tentacles
a: Begin Untransformation, Renounce Religion


You were on level 2 of the Dungeon.
You worshipped Jiyva.
Jiyva was aware of your devotion.
You were a hulking beast.
You visited 1 branch of the dungeon, and saw 2 of its levels.

You collected 64 gold pieces.

Inventory:

Armour
 f - an orb of energy
Jewellery
 e - an amulet of the acrobat (around mantle)
Talismans
 b - a beast talisman
 c - a flux talisman
Scrolls
 d - a scroll of immolation {unknown}
 g - a scroll of torment {unknown}
 k - a scroll of identify {unknown}
Potions
 a - a potion of lignification
 h - a potion of attraction {unknown}
 i - 3 potions of curing {unknown}
 j - a potion of degeneration {unknown}
 l - 2 potions of might {unknown}


   Skills:
 - Level 1.1 Fighting
 - Level 2.1 Dodging
 - Level 3.0 Unarmed Combat
 + Level 4.2 Shapeshifting


You had 2 spell levels left.
You didn't know any spells.
Your spell library was empty.

Dungeon Overview and Level Annotations

Branches:
Dungeon (2/15)

Altars:
Jiyva


Innate Abilities, Weirdness & Mutations

You are a hulking beast.
Your limbs bulge with bestial killing power. (Slay +2)
You cannot wear most types of armour.
You are amphibious.
You can wear up to eight rings at the same time.
Your skin changes colour to match your surroundings (Stealth+).
Your rubbery body absorbs attacks. (AC +1, EV +1)
((You are camouflaged when in or above water. (Stealth+)))
You have tentacles for arms and can constrict up to eight enemies at once.


Message History

You constrict the gnoll. The adder barely misses you.
The gnoll hits you with a +0 whip.
Unknown command.
You tentacle-slap the gnoll.
You kill the gnoll!
The adder bites you.
You are poisoned.
The adder poisons you!
Your Shapeshifting skill increases to level 4!
You bludgeon the adder! Your grab misses the adder.
The adder is severely wounded.
You feel sick. The adder bites you.
You are more poisoned.
The adder poisons you! The adder bites you.
You are more poisoned.
The adder poisons you!
You tentacle-slap the adder.
You kill the adder!
You feel very sick.
You are too injured to fight recklessly!
You start resting.
You feel sick. x9
You are no longer poisoned.
You start resting.
HP restored.
You climb downwards.
The ball python barely misses you. The ball python grabs you.
The ball python constricts you. The ball python closely misses you.
The ball python constricts you.
There is a stone staircase leading up here.
Unknown command.
The gnoll shouts!
You tentacle-slap the ball python. You grab the ball python.
The ball python is moderately wounded.
You constrict the ball python.
You kill the ball python!
Unknown command.
The gnoll hits you from afar with a +0 halberd!
Ouch! That really hurt!
The gnoll hits you from afar with a +0 halberd!
Ouch! That really hurt!
You die...

...........######
#.#####..........
##...#..##. #...#
.... #.....#
#.......#
#....#### #...#
#... #... #...


You could see 2 gnolls and a neutral jelly (wandering) (fellow slime).

Vanquished Creatures
  A gnoll (D:1)
  An adder (D:1)
  A dart slug (D:1)
  3 bats (D:1)
  2 endoplasms (D:1)
  3 giant cockroaches
  4 goblins (D:1)
  2 hobgoblins (D:1)
  A quokka (D:1)
  2 ball pythons
  A frilled lizard (D:1)
  4 rats (D:1)
25 creatures vanquished.

Notes
Turn   | Place    | Note
-------+----------+-------------------------------------------
     0 | D:1      | 112233 the Octopode Shapeshifter began the quest for the
                  | Orb.
     0 | D:1      | Reached XP level 1. HP: 13/13 MP: 1/1
   443 | D:1      | Reached XP level 2. HP: 18/18 MP: 2/2
   724 | D:1      | Reached XP level 3. HP: 18/23 MP: 3/3
   915 | D:1      | Found a faded altar of an unknown god.
   922 | D:1      | Prayed at the altar of an unknown god.
   922 | D:1      | Became a worshipper of Jiyva Juociss the Shapeless
   922 | D:1      | Reached * piety under Jiyva
  1038 | D:1      | Reached skill level 4 in Shapeshifting
  1069 | D:2      | Slain by a gnoll

Illustrated notes

Levels and vault maps discovered:
D:1:      minmay_arrival_shattered_statue, layout_loops_corners,
          dilly_ecumenical_altar_fadedgnrine
D:2:      layout_rooms

Skill      XL: |  1  2  3 |
---------------+----------+-----
Shapeshifting  | 4 |  4.2
Fighting       | |  1.1
Dodging        | |  2.1
Unarmed Combat | |  3.0

Action                     || total
---------------------------++-------
  Melee: Unarmed           ||    43
         Constrict         ||    14
         Tentacles         ||     6
         Punch             ||     1
   Stab: Sleeping          ||     4
 Armour: Skin              ||    14
  Dodge: Dodged            ||    30
